 Dungeon Crawl Stone Soup version 0.26.0-45-g9c1d065592 (webtiles) character file.

Game seed: 2698939812720449945

412926 trckry the Warrior (level 23, -11/201 HPs)
             Began as a Ghoul Hunter on Jan 29, 2021.
             Was the Champion of Okawaru.
             Killed from afar by a war gargoyle (33 damage)
             ... with a spray of metal splinters
             ... on level 3 of the Depths.
             The game lasted 02:44:41 (57119 turns).

trckry the Warrior (Ghoul Hunter)                  Turns: 57119, Time: 02:44:41

Health: -11/201    AC: 38    Str: 27      XL:     23   Next: 54%
Magic:  29/29      EV: 12    Int:  0 (3)  God:    Okawaru [******]
Gold:   2350       SH:  0    Dex:  9      Spells: 22/22 levels left

rFire    + . .     SeeInvis +   b - +12 Vampire's Tooth {vamp}
rCold    + + +     Faith    .   h - +2 tower shield
rNeg     + + +     Spirit   .   i - +0 gold dragon scales
rPois    ∞         Reflect  +   u - +3 crown of Dyrovepreva {rElec Int+2 SInv}
rElec    +         Harm     .   B - +1 cloak of Starlight {*Dazzle EV+4 Stlth--}
rCorr    .         Rampage  .   s - +5 pair of gloves of Apathy {Str+3 Stlth+}
Will     ++...                  V - +1 pair of boots "Hebue" {rC+++ Str-2 Int-5 Slay+5}
Stlth    ..........             Y - amulet of reflection
HPRegen  0.00/turn              J - ring of willpower
MPRegen  0.21/turn              x - +4 ring of protection

@: confused, slowed, lost intelligence, very slow
A: claws 1, cold resistance 1, negative energy resistance 3, inhibited
regeneration, torment resistance, unbreathing
}: 2/15 runes: barnacled, gossamer
a: Renounce Religion, Heroism, Finesse


You were on level 3 of the Depths.
You worshipped Okawaru.
Okawaru was exalted by your worship.
You visited 8 branches of the dungeon, and saw 39 of its levels.
You also visited: Ossuary, Bailey, Gauntlet and Ice Cave.

You collected 4930 gold pieces.
You spent 2580 gold pieces at shops.

Inventory:

Hand Weapons
 a - the +7 fustibalus "Datwipsa" {speed, rElec rF+ rN+ Str+3}
   (Okawaru gifted it to you on level 2 of the Vaults)

   Attacks with this weapon are significantly faster.
   It affects your strength (+3).
   It protects you from fire.
   It insulates you from electricity.
   It protects you from negative energy.
 b - the +12 Vampire's Tooth (weapon) {vamp}
   (You found it in a Gauntlet)

   It inflicts no extra harm, but heals its wielder when it wounds a living foe.
 k - a +4 eveningstar of freezing
Missiles
 d - 653 sling bullets
 p - 6 curare-tipped darts (quivered)
 O - 5 throwing nets
Armour
 h - a +2 tower shield (worn)
 i - +0 gold dragon scales (worn)
 s - the +5 pair of gloves of Apathy (worn) {Str+3 Stlth+}
   (You acquired it on level 1 of the Depths)

   It affects your strength (+3).
   It makes you more stealthy.
 u - the +3 crown of Dyrovepreva (worn) {rElec Int+2 SInv}
   (You bought it in a shop on level 2 of the Orcish Mines)

   It affects your intelligence (+2).
   It insulates you from electricity.
   It lets you see invisible.
 B - the +1 cloak of Starlight (worn) {*Dazzle EV+4 Stlth--}
   (You bought it in a shop on level 2 of the Orcish Mines)

   It affects your evasion (+4).
   It makes you much less stealthy.
 V - the +1 pair of boots "Hebue" (worn) {rC+++ Str-2 Int-5 Slay+5}
   (Okawaru gifted it to you on level 4 of the Spider Nest)

   It affects your strength (-2).
   It affects your intelligence (-5).
   It affects your accuracy and damage with ranged weapons and melee attacks
   (+5).
   It renders you almost immune to cold.
 Z - a scarf of resistance
Jewellery
 x - a +4 ring of protection (right hand)
 G - an uncursed ring of flight
 J - a ring of willpower (left hand)
 P - an uncursed ring of resist corrosion
 R - the ring of Lakusoma {+Blink rC+ Dex+4}
   (You found it on level 2 of the Shoals)

   [ring of protection from cold]

   It affects your dexterity (+4).
   It protects you from cold.
   It lets you blink.
 Y - an amulet of reflection (around neck)
Wands
 m - a wand of disintegration (19)
 q - a wand of iceblast (41)
 v - a wand of polymorph (17)
 C - a wand of digging (8)
 N - a wand of acid (4)
 T - a wand of paralysis (26)
Scrolls
 f - 19 scrolls of identify
 g - 9 scrolls of teleportation
 j - 28 scrolls of remove curse
 l - 9 scrolls of magic mapping
 n - 5 scrolls of fear
 w - 6 scrolls of blinking
 y - 2 scrolls of enchant armour
 F - 2 scrolls of enchant weapon
 K - 5 scrolls of summoning
 L - 3 scrolls of fog
 Q - 3 scrolls of immolation
Potions
 e - a potion of haste
 o - 20 potions of curing
 t - 4 potions of ambrosia
 z - 3 potions of flight
 A - 3 potions of resistance
 D - 4 potions of cancellation
 E - 6 potions of attraction
 H - 2 potions of magic
 I - 7 potions of might
 X - a potion of invisibility
Miscellaneous
 c - a tin of tremorstones (inert)
 r - a box of beasts
 M - a phantom mirror
 U - a phial of floods
 W - a lightning rod (2/4)


   Skills:
 + Level 15.9 Fighting
 - Level 8.0 Short Blades
 * Level 15.8 Maces & Flails
 - Level 14.0 Slings
 + Level 13.5 Armour
 + Level 13.6 Dodging
 - Level 1.1 Stealth
 + Level 13.5 Shields
 - Level 10.0 Invocations
 + Level 13.5 Evocations


You had 22 spell levels left.
You didn't know any spells.
Your spell library contained the following spells:

 Spells                   Type           Power        Failure   Level
 Animate Skeleton         Necr           0%           100%        1
 Apportation              Tloc           0%           100%        1
 Corona                   Hex            0%           100%        1
 Magic Dart               Conj           0%           100%        1
 Pain                     Necr           0%           100%        1
 Shock                    Conj/Air       0%           100%        1
 Summon Small Mammal      Summ           0%           100%        1
 Blink                    Tloc           N/A          100%        2
 Call Imp                 Summ           0%           100%        2
 Ensorcelled Hibernation  Hex/Ice        0%           100%        2
 Passwall                 Tmut/Erth      0%           100%        2
 Slow                     Hex            0%           100%        2
 Swiftness                Air            0%           100%        2
 Call Canine Familiar     Summ           0%           100%        3
 Confusing Touch          Hex            0%           100%        3
 Conjure Flame            Conj/Fire      0%           100%        3
 Dazzling Flash           Conj/Hex       0%           100%        3
 Ignite Poison            Fire/Tmut/Pois 0%           100%        3
 Inner Flame              Hex/Fire       0%           100%        3
 Mephitic Cloud           Conj/Pois/Air  0%           100%        3
 Portal Projectile        Hex/Tloc       0%           100%        3
 Static Discharge         Conj/Air       0%           100%        3
 Summon Guardian Golem    Hex/Summ       0%           100%        3
 Tukima's Dance           Hex            0%           100%        3
 Vampiric Draining        Necr           0%           100%        3
 Airstrike                Air            0%           100%        4
 Animate Dead             Necr           0%           100%        4
 Cause Fear               Hex            0%           100%        4
 Leda's Liquefaction      Hex/Erth       0%           100%        4
 Passage of Golubria      Tloc           N/A          100%        4
 Summon Ice Beast         Ice/Summ       0%           100%        4
 Summon Lightning Spire   Summ/Air       0%           100%        4
 Agony                    Necr           0%           100%        5
 Bolt of Magma            Conj/Fire/Erth 0%           100%        5
 Excruciating Wounds      Necr           0%           100%        5
 Fireball                 Conj/Fire      0%           100%        5
 Irradiate                Conj/Tmut      0%           100%        5
 Iskenderun's Battlesphe  Conj           0%           100%        5
 Lee's Rapid Deconstruct  Erth           0%           100%        5
 Lightning Bolt           Conj/Air       0%           100%        5
 Silence                  Hex/Air        0%           100%        5
 Summon Demon             Summ           0%           100%        5
 Summon Forest            Summ/Tloc      0%           100%        5
 Summon Mana Viper        Hex/Summ       0%           100%        5
 Conjure Ball Lightning   Conj/Air       0%           100%        6
 Invisibility             Hex            0%           100%        6
 Iron Shot                Conj/Erth      0%           100%        6
 Shadow Creatures         Summ           N/A          100%        6
 Starburst                Conj/Fire      0%           100%        6
 Orb of Destruction       Conj           0%           100%        7
 Spellforged Servitor     Conj/Summ      0%           100%        7
 Summon Hydra             Summ           0%           100%        7
 Ignition                 Fire           0%           100%        8
 Tornado                  Air            0%           100%        9
 Sublimation of Blood     Necr           Unusable     N/A         2
 Hydra Form               Tmut           Unusable     N/A         6
 Statue Form              Tmut/Erth      Unusable     N/A         6
 Dragon Form              Tmut           Unusable     N/A         7

Dungeon Overview and Level Annotations

Branches:
Dungeon (15/15)            Temple (1/1) D:4            Lair (6/6) D:11
 Shoals (4/4) Lair:2       Spider (4/4) Lair:2        Slime (0/5) Lair:5
    Orc (2/2) D:9             Elf (0/3) Orc:2        Vaults (4/5) D:14
  Crypt (0/3) Vaults:3     Depths (3/5) D:15        Ossuary (visited)
 Bailey (visited)           IceCv (visited)         Gauntlet (visited)

Altars:
Ashenzari
Cheibriados
Dithmenos
Elyvilon
Fedhas
Gozag
Hepliaklqana
Kikubaaqudgha
Makhleb
Nemelex Xobeh
Okawaru
Qazlal
Ru
Sif Muna
Trog
Uskayaw
Vehumet
Wu Jian
Xom
Yredelemnul
Zin
The Shining One
Beogh
Jiyva
Lugonu

Shops:
D:10 (   D:12 [   Orc:2 *[[(   Vaults:2 :

Portals:
Hell: Depths:1 Depths:2
Abyss: Depths:2
Pandemonium: Depths:2
Trove: D:13 (give +5 demon trident)

Annotations:
D:14 exclusion: oklob plant
Shoals:3 1 runed translucent door, oldmanjim's ghost, adept MiFi
Spider:2 2 transporters, Nuqinleag's ghost, adept GrEE
Vaults:3 1 runed translucent door, Moagi's ghost, adept GnSk
Depths:3 exclusion: obsidian statue


Innate Abilities, Weirdness & Mutations

You thrive by killing the living.
You are immune to poison.
You have sharp fingernails.
Your flesh is cold resistant. (rC+)
You are immune to negative energy. (rN+++)
You do not regenerate when monsters are visible.
You are immune to unholy pain and torment.
You can survive without breathing.


Message History

Something smites you!
* * * LOW HITPOINT WARNING * * *
You block the +0 short sword of venom's attack.
You are confused.
You feel invigorated.
The +0 short sword of venom hits you but does no damage.
The +0 short sword of venom closely misses you.
The white very ugly thing stings you but does no damage.
The sphinx casts a spell.
Something smites you!
* * * LOW HITPOINT WARNING * * *
The +0 short sword of venom barely misses you.
The white very ugly thing stings you but does no damage.
The +0 short sword of venom misses you. The wind drake flaps its wings at you.
The air twists around and strikes you.
* * * LOW HITPOINT WARNING * * *
The war gargoyle launches metal splinters at you.
The spray of metal splinters hits you!!
You die...

###.##
##....#######.E
#..####....##
#.†)(9H
##.÷#.....##
##.###CE ##......##
##≈.# E ##.....##
##≈≈.# #.....##
#≈≈#.# ###....##
#≈≈##.# #...9.##
#≈≈###.# #..9u@#
#≈≈) ##.# #...(##
#≈≈/! #..#
##..k.###≈≈#$8##..#
#...H###≈≈###<#..##
#.C..##k≈## ###.##
##)..##≈≈..####..#
#...##≈≈....##...#
#...#≈≈......H..##
#...≈≈#....u....#


You could see a white very ugly thing, a sphinx, a stone giant, a wind drake
(repels missiles), 2 war gargoyles and a +0 short sword of venom.

Vanquished Creatures
  An ancient lich (Depths:1)
  Mara (Shoals:4)
  Mennas (Vaults:4)
  A juggernaut (Depths:2)
  Sojobo (Vaults:2)
  Frederick (Vaults:2)
  A caustic shrike (Depths:2)
  2 golden dragons (Depths:2)
  The ghost of foobar1000 the Acrobat, a veteran SpHu of Okawaru (Vaults:1)
  A titan (Depths:3)
  Polyphemus (Shoals:3)
  A kraken (Shoals:3)
  A quicksilver dragon (shapeshifter) (Depths:3)
  An ancient champion (Vaults:2)
  2 sphinxes
  Kirke (Spider:2)
  6 fire giants
  3 tengu reavers
  7 shadow dragons (Depths:1)
  A storm dragon (Vaults:4)
  Donald (Spider:1)
  4 frost giants
  A draconian knight (Vaults:2)
  3 emperor scorpions (Spider:4)
  An orc warlord (Orc:1)
  7 ghost moths (Spider:4)
  A caustic shrike zombie (Depths:2)
  Louise (Spider:1)
  A juggernaut zombie (Depths:1)
  4 vault wardens
  2 spriggan defenders
  Aizul (Depths:1)
  8 ironheart preservers
  Nessos (D:15)
  16 stone giants
  3 war gargoyles (Depths:3)
  17 very ugly things
  A caustic shrike skeleton (Depths:1)
  A juggernaut skeleton (Depths:1)
  4 vampire knights
  A minotaur (Gauntlet)
  7 entropy weavers
  A dire elephant (Gauntlet)
  9 spark wasps
  9 ettins
  Snorg (Lair:4)
  2 crystal guardians
  3 merfolk javelineers
  A deep elf death mage (Depths:1)
  A fire dragon (Depths:2)
  6 merfolk impalers
  7 yaktaur captains
  6 hydras
  6 boulder beetles
  A hydra (shapeshifter) (Depths:3)
  3 rakshasas
  4 great orbs of eyes
  9 ice dragons
  4 merfolk avatars
  11 vault guards
  39 two-headed ogres
  A spriggan air mage (Depths:2)
  3 catoblepae
  4 merfolk aquamancers
  8 centaur warriors
  2 deep troll shamans
  An alligator snapping turtle (Shoals:4)
  3 tengu warriors
  14 ogre magi
  12 death yaks
  A spectral frost giant (Depths:1)
  3 deep troll earth magi
  3 satyrs (Shoals:2)
  2 vampire magi
  An orc high priest (Orc:2)
  3 dancing weapons (Depths:3)
  3 spriggan berserkers
  A storm dragon zombie (Depths:2)
  4 deep elf knights
  Nergalle (Lair:1)
  2 shadow wraiths
  A hell knight (Depths:2)
  8 skeletal warriors (Depths:1)
  A spectral spriggan (Depths:1)
  6 unseen horrors
  7 sea snakes
  3 flayed ghosts
  A glowing orange brain (Depths:3)
  A small abomination (Depths:1)
  9 deep trolls
  4 deep elf archers
  A tengu zombie (Depths:1)
  2 wizards
  26 harpies
  A lindwurm (shapeshifter) (Depths:2)
  11 ironbrand convokers
  7 necromancers
  A harpy (shapeshifter) (D:13)
  13 orb spiders
  28 wolf spiders
  An iron dragon zombie (Depths:1)
  7 deep elf magi
  A shining eye (shapeshifter) (Depths:1)
  A mana viper (shapeshifter) (Depths:2)
  6 orc sorcerers
  9 orc knights
  A shadow dragon skeleton (Depths:1)
  9 fauns
  8 cyclopes
  A tengu skeleton (Vaults:1)
  5 slime creatures
  A salamander (shapeshifter) (Depths:2)
  A moth of wrath (Spider:4)
  39 ugly things
  15 manticores
  10 elephants
  A fire giant skeleton (Depths:2)
  A frost giant skeleton (Depths:1)
  8 black mambas
  An ice statue (IceCv)
  A black mamba (shapeshifter) (Depths:3)
  10 vault sentinels
  10 merfolk sirens
  9 water nymphs
  5 centaur zombies
  A guardian serpent (Lair:6)
  A water nymph (shapeshifter) (Depths:3)
  A naga mage (D:15)
  3 molten gargoyles
  3 gargoyles
  14 cane toads
  Psyche (D:12)
  An eye of devastation (shapeshifter) (Depths:3)
  10 rime drakes
  A kobold demonologist (D:14)
  A spriggan zombie (Depths:2)
  A rime drake (shapeshifter) (Vaults:1)
  5 komodo dragons
  20 yaktaurs
  8 freezing wraiths
  A yaktaur skeleton (Depths:1)
  7 demonic crawlers
  25 merfolk
  2 tengu conjurers (Depths:2)
  5 trolls
  A queen bee (Gauntlet)
  3 wind drakes
  30 jumping spiders
  13 polar bears
  A polar bear (shapeshifter) (Depths:3)
  A wind drake (shapeshifter) (Vaults:3)
  A hornet (shapeshifter) (Depths:1)
  Prince Ribbit (D:6)
  7 blink frogs
  A deep troll zombie (Depths:1)
  19 hornets
  A frost giant simulacrum (Vaults:3)
  A snapping turtle (shapeshifter) (Depths:3)
  10 snapping turtles
  8 dream sheep
  8 air elementals (Depths:3)
  A fire giant simulacrum (Depths:2)
  An ettin skeleton (Depths:1)
  62 redbacks
  A spriggan (shapeshifter) (Depths:2)
  16 wyverns
  39 tarantellas
  3 wraiths
  A centaur simulacrum (D:15)
  4 vampires
  16 water elementals
  69 yaks
  A spriggan skeleton (Depths:2)
  A basilisk (shapeshifter) (Depths:2)
  5 fire elementals (Depths:3)
  A golden eye (shapeshifter) (Vaults:1)
  A basilisk (Lair:5)
  2 hogs (Spider:2)
  A vampire mosquito (D:14)
  5 wargs
  2 acid dragons
  A naga (shapeshifter) (Depths:3)
  A soldier ant (shapeshifter) (Depths:2)
  An ogre zombie (Vaults:1)
  An ogre skeleton (Vaults:1)
  19 water moccasins
  6 black bears
  3 sky beasts
  2 eyes of draining
  A swamp drake (shapeshifter) (Depths:3)
  47 orc warriors
  14 ice beasts
  An eye of draining (shapeshifter) (Depths:2)
  2 phantoms
  13 wolves (IceCv)
  31 ogres
  7 boggarts
  A tengu (shapeshifter) (Depths:3)
  16 centaurs
  A gnoll sergeant (D:11)
  26 bullfrogs
  A wyvern zombie (D:14)
  Blork the orc (D:5)
  5 earth elementals (Depths:3)
  A water moccasin zombie (D:11)
  A hornet simulacrum (Vaults:1)
  2 scorpions
  7 killer bees
  An electric eel (Spider:2)
  9 wights
  2 howler monkeys (D:13)
  4 bullfrog zombies
  2 human simulacra
  5 lava snakes (Lair:4)
  2 quasits
  4 bullfrog skeletons
  5 hounds
  29 orc wizards
  4 centaur skeletons
  An iron imp (Depths:2)
  4 jellies
  19 orc priests
  4 iguanas
  10 worker ants
  3 mummies
  2 worker ant zombies
  2 howler monkey zombies
  20 gnolls
  8 adders
  3 shadow imps
  3 white imps
  2 ufetubi
  8 oozes
  3 adder zombies (Ossuary)
  7 worms
  2 leopard geckos
  94 orcs
  6 giant cockroaches
  22 hobgoblins
  2 jackals (D:1)
  12 kobolds
  6 quokkas
  A ball python (D:1)
  6 bats
  6 frilled lizards
  10 goblins
  A goblin zombie (Ossuary)
  9 hobgoblin zombies (Ossuary)
  2 jackal zombies
  8 kobold zombies (Ossuary)
  A leopard gecko zombie (D:6)
  11 orc zombies (Ossuary)
  A quokka skeleton (D:5)
  2 quokka zombies
  6 rats
  3 rat zombies (Ossuary)
  6 ball lightnings (Depths:3)
  7 crawling corpses (Depths:1)
  A tentacle (Shoals:3)
1660 creatures vanquished.

Vanquished Creatures (others)
  Asterion (Spider:4)
  A merfolk aquamancer (Shoals:4)
  A wizard (D:5)
  A merfolk (Shoals:3)
  A raiju (Depths:3)
  A wind drake (Shoals:2)
  A dream sheep (Shoals:2)
  A redback (Spider:4)
  A tarantella (Spider:4)
  An orc warrior (Vaults:3)
  An ogre (Vaults:4)
  4 wolves (IceCv)
  A boggart (Vaults:3)
  4 ball lightnings (Depths:3)
  21 fungi
  77 plants
  15 tentacles (Shoals:3)
  9 withered plants
142 creatures vanquished.

Grand Total: 1802 creatures vanquished

Notes
Turn   | Place    | Note
-------+----------+-------------------------------------------
     0 | D:1      | trckry the Ghoul Hunter began the quest for the Orb.
     0 | D:1      | Reached XP level 1. HP: 17/17 MP: 0/0
   197 | D:1      | Reached XP level 2. HP: 24/24 MP: 1/1
   506 | D:1      | Reached XP level 3. HP: 30/30 MP: 2/2
   790 | D:2      | Reached skill level 1 in Maces & Flails
   790 | D:2      | Reached skill level 1 in Invocations
   804 | D:2      | Reached XP level 4. HP: 37/37 MP: 3/3
  1635 | D:2      | Found a stormy altar of Qazlal.
  1914 | D:3      | Found a shimmering altar of Xom.
  1932 | D:3      | Reached skill level 1 in Armour
  1964 | D:3      | Found a hazy altar of Hepliaklqana.
  2014 | D:3      | Reached skill level 1 in Shields
  2014 | D:3      | Reached XP level 5. HP: 42/42 MP: 5/5
  2095 | D:3      | Reached skill level 1 in Evocations
  2154 | D:3      | Found a radiant altar of Vehumet.
  2233 | D:3      | Found a bloodstained altar of Trog.
  2623 | D:3      | Found a shimmering altar of Xom.
  3396 | D:4      | Found a staircase to the Ecumenical Temple.
  3400 | Temple   | Entered the Ecumenical Temple
  3470 | D:4      | Reached XP level 6. HP: 37/51 MP: 6/6
  3796 | D:5      | Entered Level 5 of the Dungeon
  3858 | D:5      | Noticed Blork the orc
  4025 | D:5      | Killed Blork the orc
  4026 | D:5      | Reached XP level 7. HP: 57/57 MP: 7/7
  4294 | D:5      | Found a glowing golden altar of the Shining One.
  4296 | D:5      | Noticed an angel
  4317 | D:5      | Found a basalt altar of Yredelemnul.
  4348 | D:5      | Noticed a profane servitor
  4711 | D:5      | Reached skill level 5 in Slings
  4895 | D:5      | Found a bloodstained altar of Trog.
  4902 | D:5      | Noticed a wizard
  4908 | D:5      | Killed a wizard
  5049 | D:6      | Reached XP level 8. HP: 59/66 MP: 7/9
  5214 | D:6      | Found an opulent altar of Gozag.
  5715 | D:6      | Noticed Prince Ribbit
  5749 | D:6      | Killed Prince Ribbit
  5851 | D:6      | Noticed a yak
  5851 | D:6      | Noticed a yak
  5851 | D:6      | Noticed a yak
  5876 | D:6      | Killed a yak
  5877 | D:6      | Reached XP level 9. HP: 69/72 MP: 10/10
  5947 | D:6      | HP: 5/72 [yak (9)]
  7302 | D:8      | Found a stormy altar of Qazlal.
  7394 | D:8      | Found a sand-covered staircase.
  7447 | Ossuary  | Entered an ossuary
  7979 | D:8      | Reached skill level 5 in Maces & Flails
  8424 | D:8      | Found a shadowy altar of Dithmenos.
  8424 | D:8      | Found a glowing silver altar of Zin.
  8432 | D:8      | Found a snail-covered altar of Cheibriados.
  8432 | D:8      | Found a hide-covered altar of Uskayaw.
  8441 | D:8      | Found a white marble altar of Elyvilon.
  8470 | D:8      | Noticed a hornet
  8485 | D:8      | Killed a hornet
  8486 | D:8      | Reached skill level 5 in Fighting
  8905 | D:8      | Reached XP level 10. HP: 74/81 MP: 10/12
  9191 | D:8      | Found an iron altar of Okawaru.
  9199 | D:8      | Became a worshipper of Warmaster Okawaru
  9234 | D:8      | Found a blossoming altar of Fedhas.
  9237 | D:8      | Found an ancient bone altar of Kikubaaqudgha.
  9656 | D:9      | Found a flagged portal.
  9739 | Bailey   | Entered a bailey
 10371 | Bailey   | trckry: ??gdr
 10371 | Bailey   | beem: gdr[1/4]: "Guaranteed damage reduction" conferred by
                  | body armour that applies to melee attacks and ranged
                  | attacks from launchers (i.e. bow, crossbow, or sling) or
                  | thrown projectiles. Does not apply to attacks from spells,
                  | special abilities, or other items. Monsters do not have
                  | GDR, only players. If you're making equipment decisions
                  | based on this, please reconsider.
 11141 | D:9      | Reached skill level 5 in Invocations
 11837 | D:9      | Reached * piety under Okawaru
 12019 | D:9      | Found a staircase to the Orcish Mines.
 12173 | D:10     | Entered Level 10 of the Dungeon
 12705 | D:10     | Found Egao's Antique Weapon Shoppe.
 13261 | D:11     | You fall into a shaft and drop 3 floors!
 13261 | D:14     | Noticed a centaur warrior
 13278 | D:14     | HP: 12/83 [centaur warrior/arrow (6)]
 13478 | D:14     | Noticed a kobold demonologist
 13525 | D:14     | Killed a kobold demonologist
 13525 | D:14     | Reached ** piety under Okawaru
 13740 | D:14     | Reached skill level 5 in Dodging
 13805 | D:14     | Noticed a two-headed ogre
 13805 | D:14     | Noticed a two-headed ogre
 13828 | D:14     | Reached XP level 11. HP: 49/89 MP: 10/14
 14127 | D:14     | Noticed a vault guard
 14145 | D:14     | Killed a vault guard
 14409 | D:13     | Noticed a two-headed ogre
 14438 | D:13     | Killed a two-headed ogre
 14583 | D:12     | Reached *** piety under Okawaru
 14658 | D:12     | Noticed a cyan ugly thing
 14676 | D:12     | Noticed a two-headed ogre
 14731 | D:12     | Killed a two-headed ogre
 14732 | D:12     | Killed a cyan ugly thing
 14742 | D:12     | Reached **** piety under Okawaru
 14778 | D:12     | Found Gotak's Antique Armour Shoppe.
 14807 | D:12     | Found a gate leading to a gauntlet.
 14816 | Gauntlet | Entered a Gauntlet
 14816 | Gauntlet | Found a runed translucent door.
 14816 | Gauntlet | Found a transporter.
 14816 | Gauntlet | Found a runed translucent door.
 14816 | Gauntlet | Found a transporter.
 14816 | Gauntlet | Noticed a moth of wrath
 14920 | Gauntlet | Found the +12 Vampire's Tooth {vamp}
 14920 | Gauntlet | Found a transporter.
 14938 | Gauntlet | Found a transporter.
 14938 | Gauntlet | Found a transporter.
 14938 | Gauntlet | Found a transporter.
 14940 | Gauntlet | Found a transporter.
 14940 | Gauntlet | Found a transporter.
 14942 | Gauntlet | Noticed a brown ugly thing
 14943 | Gauntlet | Noticed a dire elephant
 14951 | Gauntlet | Found a transporter.
 14964 | Gauntlet | Noticed a purple ugly thing
 14967 | Gauntlet | Found a transporter.
 14977 | Gauntlet | Found a transporter.
 14978 | Gauntlet | Noticed a great orb of eyes
 14982 | Gauntlet | Found a transporter.
 14985 | Gauntlet | Noticed a blizzard demon
 15016 | Gauntlet | Found a transporter.
 15032 | Gauntlet | Found a transporter.
 15072 | Gauntlet | Reached skill level 5 in Shields
 15072 | Gauntlet | Reached skill level 5 in Evocations
 15074 | Gauntlet | Reached skill level 5 in Armour
 15400 | Gauntlet | Got a pair of brightly glowing gloves
 15406 | Gauntlet | Identified the +0 pair of gloves of Insecurity {Harm rElec}
                  | (You found it in a Gauntlet)
 15517 | Gauntlet | Reached skill level 1 in Short Blades
 15544 | Gauntlet | Killed a dire elephant
 15544 | Gauntlet | Received a gift from Okawaru
 15568 | Gauntlet | Noticed a minotaur
 15579 | Gauntlet | Killed a minotaur
 15579 | Gauntlet | Reached ***** piety under Okawaru
 15580 | Gauntlet | Reached XP level 12. HP: 100/100 MP: 4/15
 15726 | D:12     | Noticed a five-headed hydra
 15738 | D:12     | Killed a five-headed hydra
 15965 | D:12     | Received a gift from Okawaru
 16220 | D:12     | Noticed Psyche
 16263 | D:12     | Killed Psyche
 16263 | D:12     | Received a gift from Okawaru
 16545 | D:11     | Received a gift from Okawaru
 16754 | D:11     | You fall into a shaft and drop 1 floor!
 16782 | D:11     | Noticed a five-headed hydra
 16955 | D:11     | Found a staircase to the Lair.
 17098 | D:11     | Killed a five-headed hydra
 17530 | D:13     | Identified the +0 scale mail of Grace {rElec Int+2 Dex-2}
 17924 | D:13     | Reached XP level 13. HP: 80/107 MP: 13/17
 18116 | D:13     | Received a gift from Okawaru
 18489 | D:13     | Reached ****** piety under Okawaru
 18490 | D:13     | Reached skill level 5 in Short Blades
 18794 | D:13     | Found a portal to a secret trove of treasure.
 18948 | D:14     | Received a gift from Okawaru
 19030 | D:14     | Received a gift from Okawaru
 19031 | D:14     | Reached skill level 10 in Slings
 19178 | D:14     | Found a shimmering altar of Xom.
 19212 | D:14     | Found a gate to the Vaults.
 19241 | D:14     | Noticed a vault guard
 19259 | D:14     | Killed a vault guard
 19272 | D:14     | Noticed a vault guard
 19304 | D:14     | Killed a vault guard
 19304 | D:14     | Received a gift from Okawaru
 19308 | D:14     | Got a pair of fine boots {god gift}
 19314 | D:14     | Identified the +2 pair of boots of Lust {rF+ Regen+ Int+4}
                  | (Okawaru gifted it to you on level 14 of the Dungeon)
 19368 | D:14     | Noticed a vault guard
 19391 | D:14     | Killed a vault guard
 19585 | D:15     | Entered Level 15 of the Dungeon
 19585 | D:15     | Noticed Nessos
 19823 | D:15     | Found a broken altar of Ashenzari.
 20265 | D:15     | Killed Nessos
 20654 | D:15     | Reached XP level 14. HP: 115/116 MP: 15/19
 20660 | D:15     | Received a gift from Okawaru
 20764 | D:15     | Found a staircase to the Depths.
 21142 | D:15     | Reached XP level 15. HP: 123/123 MP: 20/20
 21254 | Lair:1   | Entered Level 1 of the Lair of Beasts
 21279 | Lair:1   | Noticed Nergalle
 21323 | Lair:1   | Killed Nergalle
 22092 | Lair:2   | Found a hole to the Spider Nest.
 22230 | Lair:2   | You fall into a shaft and drop 2 floors!
 22507 | Lair:4   | Noticed Snorg
 22532 | Lair:4   | Killed Snorg
 22818 | Lair:3   | Received a gift from Okawaru
 23582 | Lair:2   | Received a gift from Okawaru
 23640 | Lair:2   | Found a staircase to the Shoals.
 23710 | Lair:2   | Found an opulent altar of Gozag.
 23987 | Lair:2   | Got a smoking jade ring
 24234 | Lair:2   | Identified the ring of Xom's Full Attention {MP+9 Dex+3
                  | SInv} (You found it on level 2 of the Lair of Beasts)
 25151 | Lair:5   | Found a runed translucent door.
 25151 | Lair:5   | Found a viscous altar of Jiyva.
 25242 | Lair:5   | Got a pair of pitted gloves
 25248 | Lair:5   | Identified the +1 pair of gloves of Okawaru's Delight {+Fly
                  | Int+8 Slay-6 Stlth-} (You found it on level 5 of the Lair
                  | of Beasts)
 25672 | Lair:5   | Found a staircase to the Slime Pits.
 26223 | Lair:6   | Entered Level 6 of the Lair of Beasts
 26496 | Lair:6   | Received a gift from Okawaru
 26519 | Lair:6   | Reached XP level 16. HP: 133/133 MP: 22/22
 26610 | Lair:6   | Reached skill level 10 in Invocations
 26708 | Lair:6   | Received a gift from Okawaru
 27179 | Lair:6   | Reached skill level 10 in Fighting
 27582 | Lair:6   | Received a gift from Okawaru
 28201 | Orc:1    | Entered Level 1 of the Orcish Mines
 28219 | Orc:1    | Found a frozen archway.
 28306 | IceCv    | Entered an ice cave
 29023 | IceCv    | Received a gift from Okawaru
 29747 | Orc:2    | Entered Level 2 of the Orcish Mines
 29817 | Orc:2    | Found a roughly hewn altar of Beogh.
 29869 | Orc:2    | Paralysed by an orc sorcerer for 3 turns
 30074 | Orc:2    | Found a staircase to the Elven Halls.
 30128 | Orc:2    | Found a roughly hewn altar of Beogh.
 30188 | Orc:2    | Found a roughly hewn altar of Beogh.
 30338 | Orc:2    | Found a roughly hewn altar of Beogh.
 30378 | Orc:2    | Found a roughly hewn altar of Beogh.
 30391 | Orc:2    | Found Veinle's General Store.
 30396 | Orc:2    | Bought a scroll of magic mapping for 38 gold pieces
 30457 | Orc:2    | Found a roughly hewn altar of Beogh.
 30463 | Orc:2    | Found Muor's Antique Armour Shop.
 30983 | Orc:2    | Found Bill's Antique Armour Boutique.
 30984 | Orc:2    | Found a roughly hewn altar of Beogh.
 30985 | Orc:2    | Found Dozelil's Antique Weapon Shop.
 31042 | Orc:2    | Found a roughly hewn altar of Beogh.
 31304 | Orc:2    | Bought the +3 crown of Dyrovepreva {rElec Int+2 SInv} for
                  | 1035 gold pieces
 31304 | Orc:2    | Found the +3 crown of Dyrovepreva {rElec Int+2 SInv}
 31304 | Orc:2    | Bought the +1 cloak of Starlight {*Dazzle EV+4 Stlth--} for
                  | 762 gold pieces
 31304 | Orc:2    | Found the +1 cloak of Starlight {*Dazzle EV+4 Stlth--}
 31467 | D:12     | Bought a steaming plate armour for 588 gold pieces
 31467 | D:12     | Bought a pair of embroidered gloves for 157 gold pieces
 31477 | D:12     | Identified the +1 plate armour of Bonkiaxi {rElec Str+3
                  | Int+4} (You bought it in a shop on level 12 of the Dungeon)
 31550 | Spider:1 | Entered Level 1 of the Spider Nest
 31955 | Spider:1 | Reached XP level 17. HP: 143/143 MP: 23/23
 32030 | Spider:1 | Noticed Louise
 32248 | Spider:1 | Killed Louise
 32623 | Spider:2 | Noticed Donald
 32726 | Spider:1 | Killed Donald
 32746 | Spider:1 | Got a masterwork dagger
 32747 | Spider:1 | Identified the +7 dagger "Suriczoh" {venom, rN++ Str+2}
                  | (You found it on level 1 of the Spider Nest)
 32775 | Spider:2 | Received a gift from Okawaru
 33398 | Spider:2 | Noticed Kirke
 33423 | Spider:2 | Noticed a sphinx
 33426 | Spider:2 | Noticed a sphinx
 33428 | Spider:2 | Killed Kirke
 33448 | Spider:2 | Found a transporter.
 33450 | Spider:2 | Noticed Nuqinleag's ghost (adept GrEE)
 33469 | Spider:2 | Found a transporter.
 35326 | Spider:4 | Entered Level 4 of the Spider Nest
 35594 | Spider:4 | Received a gift from Okawaru
 35876 | Spider:4 | Identified the +5 kite shield of Yragul {Int+5}
 35876 | Spider:4 | Noticed Asterion
 35900 | Spider:4 | Killed Asterion
 36579 | Spider:4 | Reached XP level 18. HP: 152/152 MP: 24/24
 36687 | Spider:4 | Reached skill level 10 in Dodging
 36751 | Spider:4 | Received a gift from Okawaru
 37067 | Spider:4 | Received a gift from Okawaru
 37096 | Spider:4 | Reached skill level 10 in Evocations
 37125 | Spider:4 | Received a gift from Okawaru
 37140 | Spider:4 | Identified the +1 pair of boots "Hebue" {rC+++ Str-2 Int-5
                  | Slay+5} (Okawaru gifted it to you on level 4 of the Spider
                  | Nest)
 37284 | Spider:4 | Reached skill level 10 in Shields
 37350 | Spider:4 | Got a gossamer rune of Zot
 37525 | Shoals:1 | Entered Level 1 of the Shoals
 37594 | Shoals:1 | Reached skill level 10 in Armour
 38429 | Shoals:2 | Got a steaming amber ring
 38431 | Shoals:2 | Identified the ring of Lakusoma {+Blink rC+ Dex+4} (You
                  | found it on level 2 of the Shoals)
 38616 | Shoals:2 | Reached skill level 10 in Maces & Flails
 39264 | Shoals:3 | Received a gift from Okawaru
 39293 | Shoals:3 | Noticed Polyphemus
 39601 | Shoals:3 | Killed Polyphemus
 39883 | Shoals:3 | Reached XP level 19. HP: 161/161 MP: 25/25
 39933 | Shoals:3 | Identified the +4 fustibalus "Leggir" {speed, rF+ Dex+3}
                  | (You found it on level 3 of the Shoals)
 40073 | Shoals:3 | Found a runed translucent door.
 40074 | Shoals:3 | Noticed oldmanjim's ghost (adept MiFi)
 40385 | Shoals:4 | Entered Level 4 of the Shoals
 40385 | Shoals:4 | Noticed Mara
 40402 | Shoals:4 | Noticed trckry's illusion
 40425 | Shoals:4 | Noticed trckry's illusion
 40467 | Shoals:4 | Killed Mara
 41012 | Shoals:4 | Received a gift from Okawaru
 41024 | Shoals:4 | Got a barnacled rune of Zot
 41315 | Shoals:4 | Received a gift from Okawaru
 41341 | Shoals:4 | Identified the +8 hunting sling "Demonslayer" {flame,
                  | *Corrode rElec rN+} (Okawaru gifted it to you on level 4 of
                  | the Shoals)
 41806 | Shoals:4 | Identified the +4 bardiche "Apuegeysi" {protect, Str+3}
 42118 | Vaults:1 | Entered Level 1 of the Vaults
 42520 | Vaults:1 | Found a runed translucent door.
 42520 | Vaults:1 | Noticed foobar1000's ghost (veteran SpHu)
 42907 | Vaults:1 | Received a gift from Okawaru
 44953 | Vaults:1 | HP: 20/163 [foobar1000's ghost/the air (13)]
 45082 | Vaults:1 | Killed foobar1000's ghost
 45803 | Vaults:2 | Received a gift from Okawaru
 45814 | Vaults:2 | Identified the +7 fustibalus "Datwipsa" {speed, rElec rF+
                  | rN+ Str+3} (Okawaru gifted it to you on level 2 of the
                  | Vaults)
 46026 | Vaults:2 | Reached XP level 20. HP: 171/171 MP: 26/26
 46392 | Vaults:2 | Noticed Frederick
 46393 | Vaults:2 | Noticed Sojobo
 46454 | Vaults:2 | HP: 17/172 [tengu reaver/fireball (41)]
 46885 | Vaults:2 | Paralysed by a great orb of eyes for 3 turns
 47381 | Vaults:2 | Killed Sojobo
 47381 | Vaults:2 | Received a gift from Okawaru
 47588 | Vaults:2 | Killed Frederick
 47955 | Vaults:2 | Found Totu's Book Boutique.
 48145 | Vaults:2 | Identified the +5 flail of the Other Side {drain, rF+ Str-3
                  | Int+2 SInv} (You found it on level 2 of the Vaults)
 48317 | Vaults:2 | Received a gift from Okawaru
 48569 | Vaults:3 | Received a gift from Okawaru
 48708 | Vaults:3 | Received a gift from Okawaru
 48891 | Vaults:3 | Received a gift from Okawaru
 49325 | Vaults:3 | Reached XP level 21. HP: 171/181 MP: 27/27
 49549 | Vaults:3 | Found a staircase to the Crypt.
 49977 | Vaults:3 | Found a runed translucent door.
 49979 | Vaults:3 | Noticed Moagi's ghost (adept GnSk)
 50437 | Vaults:4 | Received a gift from Okawaru
 50798 | Vaults:4 | Received a gift from Okawaru
 51005 | Vaults:4 | Received a gift from Okawaru
 51008 | Vaults:4 | Noticed Mennas
 51035 | Vaults:4 | Killed Mennas
 52035 | Depths:1 | Entered Level 1 of the Depths
 52076 | Depths:1 | You fall into a shaft and drop 1 floor!
 52336 | Depths:1 | Identified a scroll of acquirement
 52336 | Depths:1 | Acquired the +5 pair of gloves of Apathy {Str+3 Stlth+}
 52453 | Depths:1 | Reached XP level 22. HP: 177/191 MP: 28/28
 52631 | Depths:1 | Noticed an ancient lich
 52688 | Depths:1 | Paralysed by an ancient lich for 3 turns
 52702 | Depths:1 | Killed an ancient lich
 52702 | Depths:1 | Received a gift from Okawaru
 52703 | Depths:1 | Reached skill level 15 in Fighting
 53021 | Depths:1 | Identified the Catalogue of Sinister Magic
 53299 | Depths:1 | Identified the +0 cloak "Ditriutoq" {Dex+3 SInv} (You found
                  | it on level 1 of the Depths)
 53315 | Depths:1 | Found a gateway to Hell.
 53315 | Depths:1 | Noticed Aizul
 53350 | Depths:1 | Killed Aizul
 54318 | Depths:2 | Reached skill level 15 in Maces & Flails
 54636 | Depths:2 | Received a gift from Okawaru
 54715 | Depths:2 | Identified the +1 hunting sling of Okawaru's Inspiration
                  | {venom, +Fly rC- Int+8} (Okawaru gifted it to you on level
                  | 2 of the Depths)
 54716 | Depths:2 | Noticed a caustic shrike
 54717 | Depths:2 | Noticed a juggernaut
 55080 | Depths:2 | Killed a caustic shrike
 55178 | Depths:2 | Killed a juggernaut
 55235 | Depths:2 | Reached XP level 23. HP: 200/200 MP: 29/29
 55396 | Depths:2 | Found a one-way gate to the infinite horrors of the Abyss.
 55408 | Depths:2 | Noticed a golden dragon
 55411 | Depths:2 | Noticed a golden dragon
 55527 | Depths:2 | Received a gift from Okawaru
 55563 | Depths:2 | Killed a golden dragon
 55573 | Depths:2 | Received a gift from Okawaru
 55612 | Depths:2 | Killed a golden dragon
 55621 | Depths:2 | Received a gift from Okawaru
 55686 | Depths:2 | Identified the Grimoire of the Mountains and Moulding
 55689 | Depths:2 | Identified a +1 pair of boots of running (You found it on
                  | level 2 of the Depths)
 55838 | Depths:2 | Found a one-way gate leading to the halls of Pandemonium.
 56594 | Depths:3 | Received a gift from Okawaru
 57032 | Depths:3 | Lost intelligence.
 57095 | Depths:3 | HP: 28/201 [war gargoyle/spray of metal splinters (17)]
 57117 | Depths:3 | HP: 24/201 [sphinx/divine providence (10)]
 57119 | Depths:3 | Killed from afar by a war gargoyle

Illustrated notes

Levels and vault maps discovered:
D:1:      lightli_arrival_chessboard, layout_loops_ring
D:2:      layout_loops_ring, nicolae_qazlal_eye_of_the_storm
D:3:      layout_loops_ring, marbit_many_paths, lemuel_doored_altar,
          overflow_temple_1_default, lemuel_crystal_altar, tgw_xom
D:4:      layout_basic, temple_statues
D:5:      layout_basic, grunt_temple_overflow_holy_war, trog_wizard,
          uniq_blork_the_orc
D:6:      layout_basic, nicolae_gozag_cash_rules_everything_around_me,
          minmay_misc_feat_tiny, st_stairs_9, uniq_prince_ribbit1
D:7:      layout_loops_ring, kennysheep_flooded_box
D:8:      layout_rooms, grunt_temple_overflow_growth_and_decay,
          overflow_temple_1_default, okawaru_trees_2, minitemple,
          gup_ossuary_entry_pyramid
D:9:      layout_layer_cave, david_orc_4, enter_bailey_3
D:10:     layout_rooms, serial_shops, shop_statue, minmay_door_square,
          minmay_strange_pillars
D:11:     layout_basic, lair_entry_dummy
D:12:     layout_loops_ring, serial_shops, kennysheep_mini,
          gauntlet_entry_generic, kennysheep_generic_room_14, uniq_psyche
D:13:     layout_grid_maze, enter_trove_6
D:14:     layout_big_octagon, lightli_vaults_fourway_checkpoint,
          infiniplex_staircase_diamond, lemuel_oklob_altar
D:15:     grunt_enter_depths_magical_seal, layout_basic, lemuel_tele_altar,
          water_maze_lemuel, uniq_nessos
Temple:   corrupted_temple
Lair:1:   layout_small_grid, uniq_nergalle
Lair:2:   layout_concentric_octagons, minmay_shoals_entry_beasts,
          nicolae_spider_entry_non_spiders, basic_altar
Lair:3:   layout_loops_ring, st_stairs_9
Lair:4:   cheibrodos_magma_flow, layout_cellular_growth, uniq_snorg
Lair:5:   layout_layer_cave, slime_altar_2, minmay_lair_drake_nest,
          grunt_megastairs_2, infiniplex_staircase_pool
Lair:6:   hangedman_lair_tendril_chambers, layout_gridlike
Shoals:1: layout_shoals, abandoned_shop
Shoals:2: layout_shoals
Shoals:3: layout_shoals, ebering_ghost_inner_flame,
          nicolae_shoals_kraken_intersection, uniq_polyphemus
Shoals:4: shoals_end_grunt_ice, layout_shoals, uniq_mara
Spider:1: layout_spider_delve, uniq_louise
Spider:2: layout_spider_delve, gammafunk_ghost_arena,
          nicolae_spider_cling_halls, uniq_donald, uniq_kirke
Spider:3: layout_chambers, drop_trap
Spider:4: grunt_spider_rune_parallel, uniq_asterion
Orc:1:    layout_diamond_mine, portal_ice_cave_entry_ice_beasts
Orc:2:    grunt_orc_community_town_hall, layout_diamond_mine,
          grunt_orc_community_big_house_2, grunt_orc_community_big_house_2,
          grunt_orc_community_house_3, grunt_orc_community_house_2,
          grunt_orc_community_house_2, grunt_orc_community_house_3,
          grunt_orc_community_house_1, grunt_orc_community_house_2, mines1_david
Vaults:1: ebering_vaults_ghost_inner_flame, vaults_mumra_lcd,
          nicolae_vaults_three_branches, vaults_room_fours, v_pattern_2,
          nicolae_vaults_rhombus_6, ontoclasm_vaults_pinch,
          grunt_vaults_diagonal, serial_ice_g, layout_vaults_quadrants
Vaults:2: v_misc_25, nicolae_vaults_back_hallway, vaults_room_pools, v_misc_29,
          nicolae_vaults_hallways_thing, vaults_room_grunt_arrival_checkpoint,
          v_rooms_2, ontoclasm_vaults_ring_large,
          hangedman_vaults_stretched_pinwheel, sword_in_stone,
          nicolae_vaults_little_squares_1, ontoclasm_vaults_shuriken,
          nicolae_vaults_ring_of_whatevers, layout_vaults_ring, serial_shops,
          nicolae_shop_trees
Vaults:3: gammafunk_vaults_ghost_grave, hangedman_vaults_corner_blocks,
          minmay_crypt_entry_vampire_xt, nicolae_vaults_display_case,
          vaults_mumra_chevron_long, dpeg_vaults_monster_row,
          nicolae_vaults_windows_and_doors_thing, nicolae_vaults_what_the_h,
          nicolae_vaults_ring_of_whatevers, hangedman_vaults_trim,
          grunt_vaults_funnel, vaults_standard_mumra_enter_the_diamond,
          vaults_room_pools, v_misc_16, layout_vaults_maze_snakey, uniq_sojobo
Vaults:4: v_misc_32, vaults_room_pool, nicolae_vaults_sealed_display,
          dpeg_vaults_monster_box, ontoclasm_vaults_gateway, st_hourglassy,
          ontoclasm_vaults_ring_square, nicolae_vaults_little_squares_4,
          nicolae_vaults_ninety_degrees, v_misc_25, hangedman_vaults_stagger,
          v_misc_12, layout_vaults_big_cross, uniq_mennas
Depths:1: layout_roguey, special_room [special_room_morgue], minmay_holes,
          hell_entry, abandoned_shop, minmay_misc_feat_ornament,
          nrook_mini_backslash, wad_dig_loot, uniq_aizul
Depths:2: minmay_the_grid_triangle_9x9_rhombus_thin
          [minmay_the_grid_triangle_9x9_windchime,
          minmay_the_grid_triangle_9x9_prize_top_heavy,
          minmay_the_grid_triangle_9x9_corrupted_corridor,
          minmay_the_grid_triangle_9x9_minimal], layout_cave_pools,
          hangedman_abyss_or_decor_lesser_grid, serial_column_ruins,
          column_ruins_portal_squares, column_ruins_square_large,
          column_ruins_grid_1, column_ruins_open_small,
          column_ruins_corridor_corner, column_ruins_grid_1, pan_entry,
          grunt_hell_entry_dis_old, chequers_serial_rivers_small_3,
          minivault_12, infiniplex_staircase_zigzag_1
Depths:3: radiant_caverns_a_rkd, hell_entry, pan_entry

Skill      XL: |  1  2  3  4  5  6  7  8  9 10 11 12 13 14 15 16 17 18 19 20 21 22 |
---------------+-------------------------------------------------------------------+-----
Maces & Flails | 1 2 3 4 5 6 7 8 10 12 13 14 15 | 15.8
Dodging        | 2 3 4 5 6 7 8 9 10 11 12 13 | 13.6
Invocations    | 1 2 3 4 5 6 7 8 9 10 | 10.0
Slings         | 4 5 6 7 8 9 10 11 13 14 | 14.0
Armour         | 1 2 3 4 5 6 7 8 9 10 11 12 13 | 13.5
Shields        | 1 2 3 4 5 6 7 8 9 10 11 12 13 | 13.5
Evocations     | 1 2 3 4 5 6 7 8 9 10 11 12 13 | 13.5
Fighting       | 3 4 5 6 7 8 9 10 11 12 13 14 15 | 15.9
Short Blades   | 2 4 6 7 8 |  8.0
Stealth        | |  1.1

Action                   |  1- 3 |  4- 6 |  7- 9 | 10-12 | 13-15 | 16-18 | 19-21 | 22-24 || total
-------------------------+-------+-------+-------+-------+-------+-------+-------+-------++-------
Melee: Short sword       |     1 |       |       |       |       |       |       |       ||     1
       Flail             |       |       |   341 |   600 |     6 |       |       |       ||   947
       Quick blade       |       |       |       |   477 |  1410 |  4048 |  3305 |  1848 || 11088
       Eveningstar       |       |       |       |       |       |       |    57 |       ||    57
 Fire: Hunting sling     |    82 |   264 |   268 |    31 |     3 |   115 |       |       ||   763
       Fustibalus        |       |       |       |       |       |       |   213 |    69 ||   282
Throw: Dart              |       |       |    49 |   187 |    19 |     1 |       |     4 ||   260
       Stone             |       |       |       |     2 |       |       |       |       ||     2
Invok: Heroism           |       |       |       |     5 |       |       |     3 |       ||     8
       Finesse           |       |       |       |       |       |       |     3 |       ||     3
 Abil: Evoke Flight      |       |       |       |       |       |       |       |     1 ||     1
Evoke: Wand              |       |     2 |       |    15 |    13 |    10 |     4 |     2 ||    46
       Lightning rod     |       |       |       |       |       |       |     3 |     2 ||     5
       Tin of tremorston |       |       |       |       |       |       |       |     2 ||     2
  Use: Scroll            |       |     3 |       |    12 |    20 |     6 |    11 |     6 ||    58
       Potion            |       |       |     2 |     4 |     2 |     2 |     5 |     3 ||    18
 Stab: Invisible         |       |       |       |     5 |       |    24 |    18 |     5 ||    52
       Paralysed         |       |       |       |     2 |     4 |    10 |       |       ||    16
       Petrifying        |       |       |       |       |       |     1 |       |       ||     1
       Confused          |       |       |       |       |       |       |     1 |       ||     1
Armor: Leather armour    |    19 |     1 |       |       |       |       |       |       ||    20
       Chain mail        |       |    71 |    21 |       |       |       |       |       ||    92
       Storm dragon scal |       |       |   322 |   646 |   421 |   251 |       |       ||  1640
       Plate armour      |       |       |       |       |       |   753 |   534 |   211 ||  1498
       Gold dragon scale |       |       |       |       |       |       |       |    95 ||    95
Dodge: Dodged            |    15 |    24 |   223 |   390 |   213 |   808 |   492 |   218 ||  2383
Block: Buckler           |       |       |    74 |   119 |       |       |       |       ||   193
       Kite shield       |       |       |       |   203 |   342 |   748 |       |       ||  1293
       Reflection        |       |       |       |       |       |    57 |    97 |    17 ||   171
       Tower shield      |       |       |       |       |       |  2147 |  2300 |  1159 ||  5606
